 Dungeon Crawl Stone Soup version 0.31.0-11-ge490571c62 (webtiles) character file.

Game seed: 4855445536370820042

243 ProzacElf the Cudgeller (level 5, -2/61 HPs)
             Began as an Armataur Wanderer on Feb 3, 2024.
             Was a Believer of Uskayaw.
             Succumbed to a water moccasin's poison
             ... on level 4 of the Dungeon.
             The game lasted 00:06:05 (2685 turns).

ProzacElf the Cudgeller (Armataur Wanderer)         Turns: 2685, Time: 00:06:06

Health: -2/61      AC:  9    Str: 18    XL:     5   Next: 82%
Magic:  5/5        EV:  6    Int: 12    God:    Uskayaw [**....]
Gold:   122        SH:  0    Dex: 11    Spells: 4/4 levels left

rFire   . . .        a - +0 mace (holy)
rCold   . . .        (no shield)
rNeg    . . .        t - +0 chain mail
rPois   .            l - +0 helmet
rElec   .            c - +0 cloak
rCorr   .            (no gloves)
SInv    +            (no barding)
Will    .....        (no amulet) Stlth
                     f - +4 ring of slaying {=R}
HPRegen 0.30/turn    j - ring of see invisible
MPRegen 0.09/turn

%: roll
@: berserking, lethally poisoned (-2 -> -32), very quick
A: large, deformed body, tough skin 3, armoured tail, roll 1
a: Renounce Religion, Stomp, Line Pass


You were on level 4 of the Dungeon.
You worshipped Uskayaw.
Uskayaw was noncommittal.
You visited 1 branch of the dungeon, and saw 4 of its levels.

You collected 122 gold pieces.

Inventory:

Hand Weapons
 a - a +0 mace of holy wrath (weapon)
 b - a +2 sling
 p - a +0 scimitar
 q - a +0 mace
Missiles
 h - 3 poisoned darts
 s - 3 boomerangs
Armour
 c - a +0 cloak (worn)
 e - a +0 leather armour
 g - a +0 scale mail
 l - a +0 helmet (worn)
 t - a +0 chain mail (worn)
Jewellery
 f - a +4 ring of slaying (left hand) {=R}
 j - a ring of see invisible (right hand)
Scrolls
 i - a scroll of fear {unknown}
 m - a scroll of teleportation {unknown}
 n - 2 scrolls of identify {unknown}
 o - a scroll of torment {unknown}
 r - 2 scrolls of poison {unknown}
 v - a scroll of enchant armour {unknown}
 w - a scroll of amnesia {unknown}
 x - a scroll of fog {unknown}
 y - a scroll of revelation {unknown}
Potions
 d - a potion of berserk rage
 k - a potion of brilliance {unknown}
 u - a potion of might {unknown}
 z - a potion of heal wounds {unknown}


   Skills:
 - Level 1.7 Fighting
 + Level 3.2 Maces & Flails
 + Level 3.1 Ranged Weapons
 - Level 1.2 Armour
 + Level 2.7 Dodging
 - Level 2.0 Evocations


You had 4 spell levels left.
You didn't know any spells.
Your spell library contained the following spells:

 Spells                   Type           Power      Damage    Failure   Level
 Animate Dead             Necr           0%         N/A       100%        4
 Haunt                    Necr/Summ      0%         N/A       100%        7
 Infestation              Necr           0%         N/A       100%        8


Dungeon Overview and Level Annotations

Branches:
Dungeon (4/15)
 Temple: D:4-7

Altars:
Uskayaw

Annotations:
D:3 2 transporters, zewo's ghost, amateur GrEE


Innate Abilities, Weirdness & Mutations

Armour fits poorly on your strangely shaped body.
You have extremely tough skin. (AC +3)
You have a long armoured tail.
You regenerate magic when rolling toward enemies. (Rampage MPRegen)


Message History

Tha slin' bullet hits tha water moccasin.
Tha water moccasin be moderately wounded.
Tha water moccasin bites ye.
Ye be poison'd.
Tha water moccasin poisons ye!
Tha water moccasin bites ye.
Ye be more poison'd.
Tha water moccasin poisons ye!
Ye can now pass through a line o' othar dancers.
Ye take 7 damage, an' haf 30/41 hp.
Okay, than.
Yer +0 mace o' holy wrath softly glows wit' a divine radiance!
a - a +0 mace o' holy wrath (weapon)
Ye feel very sick.
Tha water moccasin bites ye!
Ye be more poison'd.
Tha water moccasin poisons ye!
Ye take 11 damage, an' haf 19/41 hp.
MASSIVE DAMAGE!!
A red film seems ta co'er yer vision as ye go berserk!
Ye feel yerself movin' faster!
Ye feel mighty!
Ye feel 'stremely sick.
Tha water moccasin bites ye.
Ye now haf 20/61hp.
Ye barely miss tha water moccasin.
Tha water moccasin be moderately wounded.
* * * LOW HITPOINT WARNIN'
* * * Ye feel very sick.
Tha water moccasin bites ye.
* * * LOW HITPOINT WARNIN'
* * * Ye be more poison'd.
Tha water moccasin poisons ye!
Ye take 8 damage, an' haf 12/61 hp.
Ye sock tha water moccasin!
Tha water moccasin be almost dead.
* * * LOW HITPOINT WARNIN'
* * * Ye feel 'stremely sick.
Tha water moccasin bites ye but does nay damage. x2
Ye take 8 damage, an' haf 4/61 hp.
Ye miss tha water moccasin.
Tha water moccasin be almost dead.
Ye die...

#.......#
#...)..##
#.......#
#.......#
#......##
##........#
#......#
##..........#
#.....##
##............
#.....#
##............
##.........#...
###..S##########.
#...@## #....##
......# .....#
..... .... ....
..†


You could see a water moccasin.

Vanquished Creatures
  A bombardier beetle (D:3)
  A hound (D:3)
  An orc priest (D:3)
  An iguana (D:4)
  2 adders
  4 dart slugs
  4 ribbon worms
  3 orcs
  5 endoplasms
  2 giant cockroaches
  6 goblins
  8 hobgoblins
  9 jackals
  7 kobolds
  4 quokkas
  9 ball pythons
  8 bats
  A frilled lizard (D:3)
  3 rats
79 creatures vanquished.

Notes
Turn   | Place    | Note
-------+----------+-------------------------------------------
     0 | D:1      | ProzacElf the Armataur Wanderer began the quest for the
                  | Orb.
     0 | D:1      | ProzacElf set off with the following items: a +2 sling, a
                  | +0 mace, a +0 cloak, a potion of berserk rage, a +0 leather
                  | armour.
     0 | D:1      | Reached XP level 1. HP: 17/17 MP: 1/1
     2 | D:1      | Noticed an armataur
     2 | D:1      | Noticed a vampire
     4 | D:1      | Noticed a minotaur
     4 | D:1      | Noticed a barachi
     6 | D:1      | Noticed a vine stalker
     6 | D:1      | Noticed a troll
     8 | D:1      | Noticed a felid
    10 | D:1      | Noticed a demigod
    10 | D:1      | Noticed a formicid
    12 | D:1      | Noticed a merfolk
    12 | D:1      | Noticed a gargoyle
    14 | D:1      | Noticed a djinni
    14 | D:1      | Noticed a tengu
    17 | D:1      | Noticed an octopode
    19 | D:1      | Noticed a demonspawn
    19 | D:1      | Noticed a spriggan
    21 | D:1      | Noticed a human
    23 | D:1      | Noticed a ghoul
    25 | D:1      | Noticed a naga
    25 | D:1      | Noticed an elf
    27 | D:1      | Noticed a draconian
    27 | D:1      | Noticed an oni
   339 | D:1      | Reached XP level 2. HP: 20/24 MP: 2/2
  1031 | D:2      | Reached XP level 3. HP: 29/29 MP: 3/3
  1688 | D:3      | Found a transporter.
  1716 | D:3      | Reached XP level 4. HP: 35/36 MP: 4/4
  2018 | D:3      | Reached XP level 5. HP: 41/41 MP: 5/5
  2079 | D:3      | Noticed zewo's ghost (amateur GrEE)
  2105 | D:3      | Found a transporter.
  2194 | D:3      | Found a hide-covered altar of Uskayaw.
  2198 | D:3      | Became a worshipper of Uskayaw the Reveller
  2307 | D:3      | Reached * piety under Uskayaw
  2311 | D:3      | Reached ** piety under Uskayaw
  2657 | D:4      | Found Zisatt's General Store.
  2676 | D:4      | Noticed a water moccasin
  2685 | D:4      | Succumbed to a water moccasin's poison

Illustrated notes

Levels and vault maps discovered:
D:1:      kb_arrival_jail, layout_basic, minivault_19, st_stairs_6
D:2:      minmay_chambers_of_ones, layout_loops_ring, minivault_24
D:3:      layout_loops_cross, overflow_temple_1_default,
          gammafunk_ghost_mausoleum, minmay_shallow_snake_nest
D:4:      layout_cave_pods, kiku_gazebo_pond_becter, minmay_temple_entry_ruins,
          serial_shops, nicolae_square_shop, nicolae_take_the_stairs,
          nicolae_book_shop_shelving, shop, shop, wad_orctagon

Skill      XL: |  1  2  3  4  5 |
---------------+----------------+-----
Maces & Flails | 2 3 |  3.2
Dodging        | 2 |  2.7
Ranged Weapons | 3 |  3.1
Fighting       | |  1.7
Armour         | |  1.2
Evocations     | |  2.0

Action                     |  1- 3 |  4- 6 || total
---------------------------+-------+-------++-------
  Melee: Mace              |       |     3 ||     3
   Fire: Sling             |    99 |   104 ||   203
    Use: Potion            |       |     1 ||     1
 Armour: Scale mail        |    34 |    11 ||    45
         Leather armour    |     3 |       ||     3
         Chain mail        |       |    66 ||    66
  Dodge: Dodged            |    14 |    35 ||    49

Action                     |  1- 3 |  4- 6 || total
---------------------------+-------+-------++-------
  Melee: Mace              |       |     3 ||     3
   Fire: Sling             |    99 |   104 ||   203
    Use: Potion            |       |     1 ||     1
 Armour: Scale mail        |    34 |    11 ||    45
         Leather armour    |     3 |       ||     3
         Chain mail        |       |    66 ||    66
  Dodge: Dodged            |    14 |    35 ||    49

Levels and vault maps discovered:
D:1:      kb_arrival_jail, layout_basic, minivault_19, st_stairs_6
D:2:      minmay_chambers_of_ones, layout_loops_ring, minivault_24
D:3:      layout_loops_cross, overflow_temple_1_default,
          gammafunk_ghost_mausoleum, minmay_shallow_snake_nest
D:4:      layout_cave_pods, kiku_gazebo_pond_becter, minmay_temple_entry_ruins,
          serial_shops, nicolae_square_shop, nicolae_take_the_stairs,
          nicolae_book_shop_shelving, shop, shop, wad_orctagon
